 Dungeon Crawl Stone Soup version 0.22.0-38-g04b72b8 (webtiles) character file.

38428 Lew the Carver (level 13, -8/114 HPs)
             Began as a Minotaur Fighter on Aug 29, 2018.
             Was the Champion of Okawaru.
             Mangled by an ettin
             ... wielding a +0 dire flail
              (21 damage)
             ... on level 10 of the Dungeon.
             The game lasted 00:54:07 (16492 turns).

Lew the Carver (Minotaur Fighter)                  Turns: 16492, Time: 00:54:07

Health: -8/114     AC: 24    Str: 21    XL:     13   Next: 63%
Magic:  0/17       EV: 18    Int:  5    God:    Okawaru [******]
Gold:   532        SH:  7    Dex: 15    Spells: 12/12 levels left

rFire    . . .     SeeInvis .   a - +6 war axe (freeze)
rCold    . . .     Gourm    .   z - +0 buckler {AC+3}
rNeg     + . .     Faith    .   r - +3 pearl dragon scales
rPois    +         Spirit   +   N - +1 hat
rElec    .         Reflect  .   n - +0 cloak (curse)
rCorr    .         Harm     .   (no gloves)
MR       .....                  h - +0 pair of boots
Stlth    ..........             i - amulet of guardian spirit
HPRegen  0.29/turn              b - ring of poison resistance
MPRegen  0.15/turn              D - +3 ring of evasion

@: no status effects
A: retaliatory headbutt, horns 2
a: Heroism, Finesse, Renounce Religion


You were on level 10 of the Dungeon.
You worshipped Okawaru.
Okawaru was exalted by your worship.
You were hungry.

You visited 3 branches of the dungeon, and saw 17 of its levels.
You also visited: Ossuary.

You collected 1117 gold pieces.
You spent 585 gold pieces at shops.

Inventory:

Hand Weapons
 a - a +6 war axe of freezing (weapon)
 j - a +5 war axe
 K - the +7 long sword of Doom {speed, rC++}
   (You bought it in a shop on level 5 of the Dungeon)

   Attacks with this weapon are significantly faster.
   It greatly protects you from cold.
 M - the +1 double sword of the Morning {antimagic, rF+ rN++}
   (Okawaru gifted it to you on level 15 of the Dungeon)

   It reduces the magical energy of the wielder, and disrupts the spells and
   magical abilities of those hit.
   Natural abilities and divine invocations are not affected.
   It protects you from fire.
   It greatly protects you from negative energy.
Missiles
 d - 7 needles of frenzy (quivered)
Armour
 c - a +0 shield
 h - a +0 pair of boots (worn)
 n - a cursed +0 cloak (worn)
 r - +3 pearl dragon scales (worn)
 z - a +0 buckler of protection (worn)
 C - +0 acid dragon scales
 G - a +4 plate armour of poison resistance
 J - the +1 buckler "Giwkiz" {rC+ Int+4}
   (Okawaru gifted it to you on level 14 of the Dungeon)

   It affects your intelligence (+4).
   It protects you from cold.
 N - a +1 hat (worn)
Jewellery
 b - a ring of poison resistance (left hand)
 i - an amulet of guardian spirit (around neck)
 v - an uncursed ring of protection from cold
 w - the ring of the Scarab {rPois Str+2 Slay-3 SInv}
   (You found it on level 10 of the Dungeon)

   [ring of poison resistance]

   It affects your strength (+2).
   It affects your accuracy and damage with ranged weapons and melee attacks
   (-3).
   It protects you from poison.
   It lets you see invisible.
 y - an uncursed ring of flight
 D - a +3 ring of evasion (right hand)
 F - an uncursed ring of protection from fire
 I - an uncursed ring of positive energy
Wands
 g - a wand of flame (62)
 q - a wand of enslavement (13)
 H - a wand of random effects (51)
Scrolls
 k - 7 scrolls of amnesia
 p - 6 scrolls of magic mapping
 t - a scroll of fear
 u - 5 scrolls of remove curse
 x - 6 scrolls of teleportation
Potions
 e - 2 potions of magic
 l - a potion of heal wounds
 m - a potion of might
 o - 2 potions of lignification
 s - 11 potions of curing
 A - a potion of resistance
 B - 3 potions of agility
 E - 2 potions of cancellation
Miscellaneous
 L - a lamp of fire
 P - a lightning rod (4/4)
Comestibles
 f - 13 rations


   Skills:
 + Level 10.5 Fighting
 - Level 14.0 Long Blades
 * Level 11.1 Axes
 + Level 10.5 Armour
 * Level 9.3 Dodging
 + Level 10.6 Shields
 * Level 7.4 Invocations
 + Level 2.3 Evocations


You had 12 spell levels left.
You didn't know any spells.
Your spell library was empty.

Dungeon Overview and Level Annotations

Branches:
Dungeon (15/15)            Temple (1/1) D:6            Lair (0/6) D:9
    Orc (1/2) D:10         Vaults (0/5) D:14         Depths (0/5) D:15

Altars:
Ashenzari
Cheibriados
Dithmenos
Elyvilon
Fedhas
Gozag
Hepliaklqana
Kikubaaqudgha
Makhleb
Nemelex Xobeh
Okawaru
Qazlal
Ru
Sif Muna
Trog
Uskayaw
Vehumet
Wu Jian
Xom
Yredelemnul
Zin
The Shining One

Shops:
D:5 (   D:10 !([   D:13 !   D:15 }


Innate Abilities, Weirdness & Mutations

You reflexively headbutt those who attack you in melee.
You have a pair of horns on your head.


Message History

You freeze the stone giant. You hit the ettin but do no damage.
You block the ettin's attack. The ettin hits you with a dire flail.
The orc warrior closely misses you. The stone giant hits you!!
You block the orc warrior's attack.
You are too injured to fight recklessly!
Unknown command.
Okay, then.
The ogre completely misses you. You furiously retaliate!
You headbutt the ogre. The ettin hits you with a dire flail!!!
* * * LOW HITPOINT WARNING * * *
The ettin misses you. You block the stone giant's attack.
The orc warrior hits you with a trident.
* * * LOW HITPOINT WARNING * * *
You climb upwards.
Welcome back to the Dungeon!
There is a staircase to the Orcish Mines here.
As you read the scroll of fear, it crumbles to dust.
You assume a fearsome visage.
The orc warrior looks frightened!
The ogre looks frightened!
The ettin easily resists.
The stone giant looks frightened!
The ettin hits you with a dire flail!!
You die...

######### ### # ........#####
##C# # ........#...# #@o# ##
........#...####CO# ######.
........#.........### #......
........##.###...(..#######.[....
........##.#......#.....>(.......
........##.#......#..............
.>......##.#........#############
........##....).............####
........##........#.#######....##


You could see a stone giant (fleeing), an ettin, an orc warrior (fleeing) and an
ogre (fleeing).

Vanquished Creatures
  The ghost of Americanboy the Severer, a journeyman MiFi of Okawaru (D:14)
  The ghost of Nugasowne the Champion of Chaos, a journeyman DDFi of Makhleb (D:14)
  A spark wasp (shapeshifter) (D:15)
  Josephine (D:11)
  A fire dragon (D:15)
  A vault guard (D:14)
  A hydra (D:15)
  A catoblepas (D:15)
  A centaur warrior (D:14)
  4 two-headed ogres
  A tengu warrior (D:13)
  A glowing orange brain (D:15)
  3 unseen horrors
  2 unseen horrors (shapeshifter)
  2 orc knights
  A lindwurm (D:11)
  A deep elf mage (D:14)
  10 ugly things
  5 cyclopes
  An elephant (shapeshifter) (D:15)
  3 manticores
  Maurice (D:10)
  A gargoyle (D:13)
  4 trolls
  A harpy zombie (D:15)
  A hornet (D:12)
  3 hippogriffs
  Prince Ribbit (D:6)
  Grinder (D:6)
  6 slime creatures (D:15)
  A meliai zombie (D:15)
  A shadow (D:14)
  A wyvern (D:9)
  8 yaks (D:10)
  6 wraiths
  A wyvern (shapeshifter) (D:15)
  A basilisk (D:15)
  A human (shapeshifter) (D:15)
  A hungry ghost (D:13)
  Menkaure (D:4)
  2 acid dragons (D:12)
  An acid dragon (shapeshifter) (D:15)
  2 soldier ants (D:12)
  A hornet zombie (D:15)
  4 ice beasts
  2 orc warriors
  2 black bears
  2 sky beasts
  A necrophage (D:9)
  4 phantoms
  5 wolves (D:9)
  3 ogres
  12 centaurs
  A big kobold (D:11)
  A gnoll sergeant (D:7)
  9 bullfrogs
  2 wyvern zombies
  8 scorpions (Ossuary)
  4 killer bees (D:7)
  9 howler monkeys
  5 wights (D:12)
  An electric eel (D:9)
  6 centaur zombies
  8 crimson imps
  12 hounds
  6 jellies
  4 bullfrog skeletons
  A quasit (D:8)
  3 centaur skeletons
  4 orc priests
  3 human zombies (Ossuary)
  6 orc wizards
  Crazy Yiuf (D:5)
  4 iguanas
  7 worker ants
  Terence (D:2)
  4 big kobold zombies (Ossuary)
  A hound zombie (D:11)
  A hound skeleton (D:5)
  2 mummies (Ossuary)
  Robin (D:2)
  5 gnolls (D:7)
  A worker ant zombie (D:9)
  8 adders
  2 scorpion zombies (Ossuary)
  3 shadow imps
  An adder zombie (D:6)
  3 worms
  2 dart slugs
  5 leopard geckos
  17 orcs
  8 giant cockroaches
  9 goblins
  9 hobgoblins
  15 jackals
  4 quokkas
  5 bats
  2 frilled lizards
  A goblin zombie (Ossuary)
  2 jackal skeletons
  12 kobolds
  2 kobold zombies (Ossuary)
  A leopard gecko skeleton (D:4)
  A leopard gecko zombie (D:6)
  2 quokka skeletons
  9 rats
369 creatures vanquished.

Vanquished Creatures (others)
  A mummy (Ossuary)
  A gnoll zombie (Ossuary)
  5 withered plants (D:14)
7 creatures vanquished.

Grand Total: 376 creatures vanquished

Notes
Turn   | Place    | Note
-------+----------+-------------------------------------------
     0 | D:1      | Lew the Minotaur Fighter began the quest for the Orb.
     0 | D:1      | Reached XP level 1. HP: 19/19 MP: 0/0
    54 | D:1      | Reached XP level 2. HP: 25/27 MP: 1/1
   223 | D:4      | Reached skill level 1 in Dodging
   223 | D:4      | Reached XP level 3. HP: 33/33 MP: 2/2
   264 | D:4      | Found a sand-covered staircase.
   271 | Ossuary  | Entered an ossuary
   277 | Ossuary  | Noticed a scorpion
   289 | Ossuary  | Killed a scorpion
   289 | Ossuary  | Reached XP level 4. HP: 36/40 MP: 3/3
   325 | Ossuary  | Reached XP level 5. HP: 14/47 MP: 1/4
   579 | Ossuary  | Reached XP level 6. HP: 53/55 MP: 5/5
   616 | Ossuary  | Reached skill level 5 in Fighting
   616 | Ossuary  | Reached skill level 5 in Armour
   616 | Ossuary  | Reached skill level 5 in Shields
   919 | Ossuary  | Reached XP level 7. HP: 54/61 MP: 6/6
  1093 | Ossuary  | Reached skill level 5 in Axes
  1568 | D:4      | Found an ancient bone altar of Kikubaaqudgha.
  1599 | D:5      | Entered Level 5 of the Dungeon
  1701 | D:5      | Found Morhem's Antique Weapon Emporium.
  1742 | D:5      | Reached XP level 8. HP: 23/70 MP: 2/7
  2148 | D:5      | Found an ornate altar of the Wu Jian Council.
  2285 | D:5      | Found a runed door.
  2633 | D:5      | Noticed Crazy Yiuf
  2640 | D:5      | Killed Crazy Yiuf
  2744 | D:6      | Noticed Prince Ribbit
  2755 | D:6      | Killed Prince Ribbit
  2755 | D:6      | Reached skill level 5 in Dodging
  2882 | D:6      | Found an iron altar of Okawaru.
  2936 | D:6      | Became a worshipper of Warmaster Okawaru
  3000 | D:4      | Noticed Menkaure
  3011 | D:4      | Killed Menkaure
  3721 | D:2      | Noticed Terence
  3725 | D:2      | Killed Terence
  3799 | D:2      | Reached XP level 9. HP: 79/79 MP: 8/8
  3903 | D:2      | Noticed Robin
  3911 | D:2      | Killed Robin
  4619 | D:3      | Found a shimmering altar of Xom.
  4701 | D:3      | Found a hazy altar of Hepliaklqana.
  5180 | D:5      | Bought a brightly glowing long sword for 263 gold pieces
  5180 | D:5      | Identified the +7 long sword of Doom {speed, rC++} (You bought it in a shop on level 5 of the Dungeon)
  5333 | D:6      | Found a staircase to the Ecumenical Temple.
  5367 | D:6      | Noticed Grinder
  5379 | D:6      | Killed Grinder
  5612 | D:7      | Reached * piety under Okawaru
  5975 | D:7      | Found a sacrificial altar of Ru.
  6114 | Temple   | Entered the Ecumenical Temple
  6725 | D:8      | Found a glowing golden altar of the Shining One.
  6933 | D:9      | Reached skill level 1 in Long Blades
  6941 | D:9      | Noticed a troll
  6955 | D:9      | Killed a troll
  6955 | D:9      | Reached ** piety under Okawaru
  6955 | D:9      | Reached skill level 1 in Invocations
  6978 | D:9      | Reached skill level 2 in Long Blades
  6984 | D:9      | Reached XP level 10. HP: 58/90 MP: 10/10
  7247 | D:9      | Found a staircase to the Lair.
  7744 | D:10     | Entered Level 10 of the Dungeon
  7764 | D:10     | Found a staircase to the Orcish Mines.
  7791 | D:10     | Reached skill level 3 in Long Blades
  7792 | D:10     | Reached *** piety under Okawaru
  7814 | D:10     | Found Takurph's Distillery.
  7835 | D:10     | Noticed Maurice
  7849 | D:10     | Killed Maurice
  7933 | D:10     | Got a brightly glowing marble ring
  8004 | D:10     | Found Cauxadag's Armour Boutique.
  8014 | D:10     | Reached skill level 4 in Long Blades
  8019 | D:10     | Bought a +0 buckler of protection for 172 gold pieces
  8448 | D:10     | Reached **** piety under Okawaru
  8455 | D:10     | Received a gift from Okawaru
  8463 | D:10     | Reached skill level 5 in Long Blades
  8468 | D:10     | Found Jiny's Weapon Shoppe.
  8606 | D:11     | Noticed a manticore
  8614 | D:11     | Killed a manticore
  8618 | D:11     | Noticed a manticore
  8628 | D:11     | Killed a manticore
  8628 | D:11     | Reached XP level 11. HP: 77/97 MP: 9/13
  8671 | D:11     | Noticed a cyan ugly thing
  8683 | D:11     | Killed a cyan ugly thing
  8825 | D:11     | Killed an unseen horror
  8825 | D:11     | Reached skill level 6 in Long Blades
  9021 | D:11     | Identified the ring of the Scarab {rPois Str+2 Slay-3 SInv} (You found it on level 10 of the Dungeon)
  9172 | D:11     | Noticed Josephine
  9183 | D:11     | Killed Josephine
  9197 | D:11     | Reached skill level 10 in Axes
  9209 | D:11     | Reached ***** piety under Okawaru
  9832 | D:11     | Noticed a lindwurm
  9873 | D:11     | Killed a lindwurm
  9873 | D:11     | Reached skill level 7 in Long Blades
  9873 | D:11     | Reached skill level 5 in Invocations
 10475 | D:12     | Reached skill level 10 in Armour
 10571 | D:12     | Reached skill level 10 in Fighting
 10571 | D:12     | Reached skill level 8 in Long Blades
 10571 | D:12     | Reached skill level 10 in Shields
 11086 | D:13     | Found Wouges's Distillery.
 11177 | D:13     | Found a blossoming altar of Fedhas.
 11257 | D:13     | Noticed a two-headed ogre
 11258 | D:13     | Noticed a two-headed ogre
 11263 | D:13     | Noticed a tengu warrior
 11272 | D:13     | Killed a two-headed ogre
 11272 | D:13     | Reached XP level 12. HP: 70/106 MP: 10/15
 11283 | D:13     | Killed a two-headed ogre
 11283 | D:13     | Reached ****** piety under Okawaru
 11283 | D:13     | Received a gift from Okawaru
 11283 | D:13     | Reached skill level 9 in Long Blades
 11302 | D:13     | Killed a tengu warrior
 11802 | D:13     | Bought a potion of heal wounds for 85 gold pieces
 11886 | D:10     | Bought a potion of heal wounds for 65 gold pieces
 11974 | D:14     | Found a white marble altar of Elyvilon.
 12020 | D:14     | Found a runed gate.
 12020 | D:14     | Found a runed gate.
 12020 | D:14     | Found a runed gate.
 12027 | D:14     | Noticed a centaur warrior
 12040 | D:14     | Killed a centaur warrior
 12040 | D:14     | Reached skill level 10 in Long Blades
 12116 | D:14     | Reached skill level 11 in Long Blades
 12614 | D:14     | Received a gift from Okawaru
 12614 | D:14     | Reached skill level 12 in Long Blades
 12620 | D:14     | Got a distressingly furry buckler {god gift}
 12646 | D:14     | Identified the +1 buckler "Giwkiz" {rC+ Int+4} (Okawaru gifted it to you on level 14 of the Dungeon)
 12718 | D:14     | Noticed a vault guard
 12740 | D:14     | Killed a vault guard
 12817 | D:14     | Noticed Americanboy's ghost (journeyman MiFi)
 12818 | D:14     | Noticed Nugasowne's ghost (journeyman DDFi)
 12889 | D:14     | Found a gate to the Vaults.
 13059 | D:14     | Reached skill level 13 in Long Blades
 13649 | D:14     | Killed Nugasowne's ghost
 13930 | D:14     | Killed Americanboy's ghost
 13930 | D:14     | Reached skill level 14 in Long Blades
 14157 | D:15     | Entered Level 15 of the Dungeon
 14189 | D:15     | Noticed a fire dragon
 14193 | D:15     | Found Yrasad's Gadget Boutique.
 14203 | D:15     | Killed a fire dragon
 14203 | D:15     | Reached XP level 13. HP: 102/113 MP: 13/16
 14789 | D:15     | Reached skill level 1 in Evocations
 15386 | D:15     | Received a gift from Okawaru
 15526 | D:15     | Received a gift from Okawaru
 15759 | D:15     | Noticed a spark wasp
 15775 | D:15     | Killed a spark wasp
 16217 | D:15     | Found a staircase to the Depths.
 16298 | D:15     | Got a bloodstained double sword {god gift}
 16299 | D:15     | Identified the +1 double sword of the Morning {antimagic, rF+ rN++} (Okawaru gifted it to you on level 15 of the Dungeon)
 16471 | Orc:1    | Entered Level 1 of the Orcish Mines
 16471 | Orc:1    | Noticed a stone giant
 16481 | Orc:1    | Noticed an ettin
 16492 | D:10     | Mangled by an ettin

Skill      XL: |  1  2  3  4  5  6  7  8  9 10 11 12 13 |
---------------+----------------------------------------+-----
Fighting       | 4 5 6 7 8 9 10 | 10.5
Axes           | 3 4 5 6 8 9 10 11 | 11.1
Armour         | 4 5 6 7 8 9 10 | 10.5
Dodging        | 1 2 3 4 5 6 7 8 9 |  9.3
Shields        | 4 5 6 7 8 9 10 | 10.6
Long Blades    | 2 5 8 14 | 14.0
Invocations    | 1 4 6 7 |  7.4
Evocations     | 2 |  2.3

Action                   |  1- 3 |  4- 6 |  7- 9 | 10-12 | 13-15 || total
-------------------------+-------+-------+-------+-------+-------++-------
Melee: War axe           |    50 |    75 |   305 |    24 |    10 ||   464
       Headbutt          |     8 |    23 |    77 |   163 |    83 ||   354
       Long sword        |       |       |    59 |   589 |   243 ||   891
Evoke: Wand              |     4 |     6 |       |    24 |     4 ||    38
       Lightning rod     |       |       |       |     4 |       ||     4
  Use: Scroll            |       |       |    20 |    18 |     4 ||    42
       Potion            |       |       |    13 |     9 |     2 ||    24
  Eat: Ration            |       |       |     2 |     5 |     1 ||     8
       Chunk             |       |       |    13 |     6 |     4 ||    23
Armor: Scale mail        |    18 |    25 |    24 |       |       ||    67
       Pearl dragon scal |       |       |   120 |   240 |    89 ||   449
       Plate armour      |       |       |       |    25 |       ||    25
Dodge: Dodged            |    16 |    24 |   154 |   302 |   125 ||   621
Block: Shield            |    28 |    42 |   237 |    33 |       ||   340
       Buckler           |       |       |       |   134 |    68 ||   202
       Rpst.: Long sword |       |       |    11 |    75 |    22 ||   108
